 Dungeon Crawl Stone Soup version 0.19-a0-1714-gcab94ab (webtiles) character file.

333 dobroeutro the Cudgeler (level 6, -2/40 HPs)
             Began as a Gargoyle Fighter on Sept 28, 2016.
             Killed from afar by Sigmund (6 damage)
             ... with a magic dart
             ... on level 3 of the Dungeon.
             The game lasted 00:02:46 (1586 turns).

dobroeutro the Cudgeler (Gargoyle Fighter)          Turns: 1586, Time: 00:02:46

Health: -2/40      AC: 14    Str: 21    XL:     6   Next: 52%
Magic:  6/6        EV:  7    Int:  8    God:
Gold:   77         SH:  9    Dex: 10    Spells: 0 memorised, 5 levels left

rFire  . . .     SeeInvis .     a - +0 flail
rCold  . . .     Gourm    .     b - +0 scale mail
rNeg   + . .     Faith    .     c - +0 shield
rPois  ∞         Spirit   .     (no helmet)
rElec  +         Dismiss  .     (no cloak)
rCorr  .         Reflect  .     (no gloves)
MR     .....     Harm     .     e - +1 pair of boots
Stlth  ..........               (no amulet)
                                (no ring)
                                (no ring)

@: invisible
A: negative energy resistance 1, electricity resistance, unbreathing,
petrification resistance, rot immunity, AC +4
a: no special abilities


You were on level 3 of the Dungeon.
You were not hungry.

You visited 1 branch of the dungeon, and saw 3 of its levels.

You collected 77 gold pieces.

Inventory:

Hand Weapons
 a - a +0 flail (weapon)
Armour
 b - a +0 scale mail (worn)
 c - a +0 shield (worn)
 e - a +1 pair of boots (worn)
Scrolls
 j - 4 scrolls of identify {unknown}
 k - a scroll of remove curse {unknown}
 n - a scroll of recharging {unknown}
Potions
 d - 2 potions of might
 i - a potion of berserk rage {unknown}
 m - a potion of beneficial mutation {unknown}
 o - a potion of curing {unknown}
 p - a potion of cancellation {unknown}
 q - a potion of mutation {unknown}
Comestibles
 f - 2 bread rations
 g - 5 fruits
 h - a slice of pizza
 l - 2 royal jellies
 r - 2 chunks of flesh


   Skills:
 + Level 4.8 Fighting
 * Level 5.0 Maces & Flails
 + Level 4.5 Armour
 - Level 3.4 Shields


You had 5 spell levels left.
You didn't know any spells.

Dungeon Overview and Level Annotations

Branches:
Dungeon (3/15)

Altars:

Annotations:
D:3 Sigmund


Innate Abilities, Weirdness & Mutations

You are resistant to torment.
Your stone body is resilient. (AC +4)
You are immune to poison.
You resist negative energy. (rN+)
You are resistant to electric shocks. (rElec)
You can survive without breathing.
You are immune to petrification.
You are immune to rotting.


Message History

You hear some strange, mumbled words.
A magic dart appears from out of thin air!
The magic dart hits you!
You miss something. Something hits you but does no damage.
You barely miss something.
Sigmund appears from thin air!
Reactivating autopickup.
You block Sigmund's attack.
You closely miss Sigmund.
Sigmund is lightly wounded.
Sigmund barely misses you.
You closely miss Sigmund.
Sigmund is lightly wounded.
Sigmund hits you but does no damage.
Your shield prevents you from hitting Sigmund.
Sigmund is lightly wounded.
It was a potion of invisibility.
You fade into invisibility!
Sigmund casts a spell at you. The magic dart hits you!
You die...

#.# #.# #.# #.#
#.# #
#.#############
#
#.............#
#
#############.#
# # ####@#.# #
#...@..# #
#...†..# #
#......# #
#......# #
#......# #
#......# #
.......# #
##......#


You could see Sigmund.

Vanquished Creatures
  Grinder (D:3)
  The ghost of ololoev the Sneak, a weakling VSAs (D:3)
  Natasha (twice) (D:3)
  An adder (D:2)
  An ooze (D:2)
  2 worms (D:2)
  4 dart slugs
  3 leopard geckos
  5 goblins (D:1)
  3 hobgoblins
  4 jackals (D:2)
  5 kobolds
  A quokka (D:2)
  3 ball pythons
  6 bats
  A frilled lizard (D:1)
  3 rats
46 creatures vanquished.

Vanquished Creatures (others)
  A fungus (D:1)
1 creature vanquished.

Grand Total: 47 creatures vanquished

Notes
Turn   | Place    | Note
-------+----------+-------------------------------------------
     0 | D:1      | dobroeutro the Gargoyle Fighter began the quest for the Orb.
     0 | D:1      | Reached XP level 1. HP: 14/14 MP: 1/1
    50 | D:1      | Reached XP level 2. HP: 16/19 MP: 2/2
   580 | D:1      | Reached XP level 3. HP: 23/23 MP: 3/3
   856 | D:2      | Reached skill level 3 in Maces & Flails
  1194 | D:2      | Reached XP level 4. HP: 27/29 MP: 4/4
  1375 | D:3      | Noticed Natasha
  1382 | D:3      | Killed Natasha
  1408 | D:3      | Noticed Grinder
  1424 | D:3      | Paralysed by Grinder for 2 turns
  1439 | D:3      | Paralysed by Grinder for 6 turns
  1448 | D:3      | Noticed Natasha
  1448 | D:3      | Paralysed by Grinder for 2 turns
  1454 | D:3      | Killed Grinder
  1454 | D:3      | Reached skill level 4 in Maces & Flails
  1454 | D:3      | Reached XP level 5. HP: 34/34 MP: 5/5
  1454 | D:3      | Reached XP level 6. HP: 39/39 MP: 6/6
  1457 | D:3      | Killed Natasha
  1506 | D:3      | Noticed ololoev's ghost (weakling VSAs)
  1520 | D:3      | Killed ololoev's ghost
  1520 | D:3      | Reached skill level 5 in Maces & Flails
  1557 | D:3      | Noticed Sigmund
  1586 | D:3      | Killed from afar by Sigmund

Vault maps used:
D:1:      mrwooster_arrival_statue_2, minmay_shallow_snake_nest
D:3:      minivault_23, uniq_sigmund, uniq_grinder, uniq_natasha

Skill      XL: |  1  2  3  4  5  6 |
---------------+-------------------+-----
Maces & Flails | 3 4 5 |  5.0
Fighting       | 4 |  4.8
Armour         | 4 |  4.5
Shields        | |  3.4

Action                   |  1- 3 |  4- 6 || total
-------------------------+-------+-------++-------
Melee: Flail             |   162 |    82 ||   244
  Use: Potion            |       |     3 ||     3
  Eat: Chunk             |     1 |     2 ||     3
Armor: Scale mail        |   108 |    51 ||   159
Dodge: Dodged            |    45 |    17 ||    62
Block: Shield            |    81 |    27 ||   108
